 Dungeon Sprint DCSS version 0.26-a0-708-g17f3b190f9 (webtiles) character file.

Game seed: 6837072296907996153

923 mhtbhm the Basher (level 7, -17/81 HPs)
             Began as a Troll Berserker on Oct 29, 2020.
             Was a High Priest of Trog.
             Demolished by an orc warrior
             ... wielding a +0 war axe
              (24 damage)
             ... in the Dungeon (Sprint IX: "|||||||||||||||||||||||||||||").
             The game lasted 00:00:51 (281 turns).

mhtbhm the Basher (Troll Berserker)                  Turns: 281, Time: 00:00:51

Health: -17/81     AC:  6    Str: 28    XL:     7   Next: 84%
Magic:  6/6        EV: 14    Int:  6    God:    Trog [*****.]
Gold:   0          SH:  0    Dex:  9    Spells: 6/6 levels left

rFire    . . .     SeeInvis .   a - +2 morningstar (protect)
rCold    . . .     Faith    .   (no shield)
rNeg     . . .     Spirit   .   b - +0 animal skin
rPois    .         Reflect  .   (helmet restricted)
rElec    .         Harm     .   (no cloak)
rCorr    .         Rampage  .   (gloves unavailable)
MR       .....     NoTele   +   (boots unavailable)
Stlth    +.........             (no amulet)
HPRegen  0.63/turn              l - +3 ring of intelligence
MPRegen  0.10/turn              m - +2 ring of evasion

@: berserk cooldown, slowed, very slow
A: large, unfitting armour, claws 3, regeneration 1, shaggy fur 1, tough skin 3
a: Berserk, Trog's Hand, Brothers in Arms, Renounce Religion


You were in the Dungeon.
You worshipped Trog.
Trog was extremely pleased with you.
You visited 1 branch

Inventory:

Hand Weapons
 a - a +2 morningstar of protection (weapon)
Armour
 b - a +0 animal skin (worn)
Jewellery
 l - a +3 ring of intelligence (left claw)
 m - a +2 ring of evasion (right claw)
Wands
 k - a wand of iceblast (6)
Scrolls
 h - a scroll of blinking
 j - 3 scrolls of remove curse
Potions
 c - 5 potions of curing
 d - 2 potions of heal wounds
 e - a potion of haste
 f - 4 potions of magic
 g - a potion of berserk rage
 i - a potion of invisibility


   Skills:
 + Level 8.5 Fighting
 + Level 11.0 Maces & Flails
 + Level 7.3 Dodging


You had 6 spell levels left.
You didn't know any spells.
Your spell library was empty.

Dungeon Overview and Level Annotations

Branches:
Dungeon (1/1)

Altars:
Cheibriados
Dithmenos
Elyvilon
Fedhas
Gozag
Hepliaklqana
Kikubaaqudgha
Makhleb
Nemelex Xobeh
Okawaru
Qazlal
Ru
Sif Muna
Trog
Uskayaw
Vehumet
Wu Jian
Xom
Yredelemnul
Zin
The Shining One
Beogh
Jiyva
Lugonu


Innate Abilities, Weirdness & Mutations

You are too large for most types of armour.
You have claws for hands.
Your natural rate of healing is unusually fast.
You are covered in fur. (AC +1)
You have extremely tough skin. (AC +3)


Message History

Evoke which item? (* to show all) (? for menu, Esc to quit)
Aiming: Iceblast
Press: ? - help, Shift-Dir - straight line, f/p - orc warrior
Aim: an orc warrior, wielding a +0 war axe and wearing a +0 plate armour (lightly wounded)
The mass of ice explodes!
The iceblast engulfs the orc warrior!
The orc warrior is severely wounded.
Unknown command.
Unknown command.
Unknown command.
You barely miss the orc warrior.
The orc warrior is severely wounded.
The orc warrior hits you with a +0 war axe!
* * * LOW HITPOINT WARNING * * *
The howler monkey hoots and howls with incredible vigour!
The orc warrior misses you.
You barely miss the orc warrior.
The orc warrior is severely wounded.
The howler monkey hoots and howls with incredible vigour!
The orc warrior hits you with a +0 war axe!!
You die...

▓.▓
▓[▓
▓[▓
▓[▓
▓.▓
▓.▓
▓[▓
▓)▓
▓@▓
▓o▓
▓h▓
▓†▓
▓(▓
▓'▓
▓(▓
▓)▓
▓.▓


You could see an orc warrior and a howler monkey (catching breath).

Vanquished Creatures
  A cyclops (D)
  A troll (D)
  A sky beast (D)
  An orc warrior (D)
  An ogre (D)
  A bullfrog (D)
  2 adders (D)
  An adder zombie (D)
  A leopard gecko (D)
  An orc (D)
  2 bats (D)
  2 bat skeletons (D)
  A giant cockroach (D)
  2 goblins (D)
  A giant cockroach zombie (D)
  A leopard gecko zombie (D)
20 creatures vanquished.

Notes
Turn   | Place    | Note
-------+----------+-------------------------------------------
     0 | D        | mhtbhm the Troll Berserker began the quest for the Orb.
     0 | D        | Reached XP level 1. HP: 22/22 MP: 0/0
     8 | D        | Reached skill level 3 in Maces & Flails
    10 | D        | Reached ** piety under Trog
   130 | D        | Reached *** piety under Trog
   130 | D        | Reached XP level 2. HP: 31/31 MP: 1/1
   132 | D        | Reached skill level 4 in Maces & Flails
   140 | D        | Reached **** piety under Trog
   140 | D        | Reached XP level 3. HP: 39/39 MP: 2/2
   144 | D        | Found a roughly hewn altar of Beogh.
   144 | D        | Found a snail-covered altar of Cheibriados.
   144 | D        | Found a shadowy altar of Dithmenos.
   144 | D        | Found a white marble altar of Elyvilon.
   144 | D        | Found a blossoming altar of Fedhas.
   144 | D        | Found an opulent altar of Gozag.
   145 | D        | Found a hazy altar of Hepliaklqana.
   146 | D        | Found a viscous altar of Jiyva.
   147 | D        | Found an ancient bone altar of Kikubaaqudgha.
   148 | D        | Found a corrupted altar of Lugonu.
   149 | D        | Found a burning altar of Makhleb.
   150 | D        | Found a sparkling altar of Nemelex Xobeh.
   151 | D        | Found an iron altar of Okawaru.
   152 | D        | Found a stormy altar of Qazlal.
   153 | D        | Found a sacrificial altar of Ru.
   154 | D        | Found a shimmering blue altar of Sif Muna.
   155 | D        | Found a bloodstained altar of Trog.
   156 | D        | Found a hide-covered altar of Uskayaw.
   157 | D        | Found a radiant altar of Vehumet.
   158 | D        | Found an ornate altar of the Wu Jian Council.
   159 | D        | Found a shimmering altar of Xom.
   160 | D        | Found a basalt altar of Yredelemnul.
   161 | D        | Found a glowing silver altar of Zin.
   162 | D        | Found a glowing golden altar of the Shining One.
   191 | D        | Noticed an orc warrior
   191 | D        | Noticed a sky beast
   197 | D        | Killed an orc warrior
   197 | D        | Reached skill level 5 in Fighting
   197 | D        | Reached skill level 6 in Maces & Flails
   197 | D        | Reached XP level 4. HP: 50/50 MP: 3/3
   203 | D        | Killed a sky beast
   203 | D        | Reached skill level 7 in Maces & Flails
   203 | D        | Reached skill level 5 in Dodging
   203 | D        | Reached XP level 5. HP: 59/59 MP: 4/4
   205 | D        | Reached ***** piety under Trog
   253 | D        | Noticed a cyclops
   253 | D        | Noticed an ogre
   253 | D        | Noticed a troll
   253 | D        | Noticed an orc warrior
   258 | D        | Received a gift from Trog
   258 | D        | Reached skill level 8 in Maces & Flails
   258 | D        | Reached XP level 6. HP: 68/68 MP: 5/5
   263 | D        | Killed a cyclops
   263 | D        | Reached skill level 10 in Maces & Flails
   263 | D        | Reached XP level 7. HP: 77/79 MP: 6/6
   277 | D        | Killed a troll
   277 | D        | Reached skill level 11 in Maces & Flails
   281 | D        | Demolished by an orc warrior

Illustrated notes

Levels and vault maps discovered:
D:        linesprint [early_d, line_temple, items_1, d_10, items_2, lair_1,
          lair_end, items_3, orc_1, orc_end, items_4, d_15, swamp_1, shoals_1,
          snake_1, spider_1, d_20, vaults_1, items_5, swamp_end, shoals_end,
          snake_end, spider_end, vaults_end, d_27, items_6, zot_1, zot_end,
          crypt_end, forest_end, elf_end, slime_end, tomb_end, abyss_end,
          pan_hell_end]

Skill      XL: |  1  2  3  4  5  6  7 |
---------------+----------------------+-----
Maces & Flails | 3 4 6 7 8 10 11 | 11.0
Fighting       | 3 5 6 7 8 |  8.5
Dodging        | 3 4 5 6 7 |  7.3

Action                   |  1- 3 |  4- 6 |  7- 9 || total
-------------------------+-------+-------+-------++-------
Melee: Mace              |    26 |       |       ||    26
       Morningstar       |     4 |    16 |     9 ||    29
Invok: Berserk           |     2 |     1 |       ||     3
Evoke: Wand              |       |       |     4 ||     4
  Use: Scroll            |       |       |     1 ||     1
       Potion            |       |       |     1 ||     1
Armor: Animal skin       |    14 |     2 |     5 ||    21
Dodge: Dodged            |    19 |     8 |    17 ||    44

Table legend: (Time is in decaauts)
 A = Elapsed time spent in this place.
 B = Non-inter-level travel time spent in this place.
 C = Inter-level travel time spent in this place.
 D = Time resting spent in this place.
 E = Time spent auto-exploring this place.
 F = Levels seen in this place.
 G = Mean time per level.
                   A        B        C        D        E       F      G
               +--------+--------+--------+--------+--------+-----+--------+
         Total |    307 |    307 |      0 |    155 |      3 |   1 |  307.0 |
       Dungeon |    307 |    307 |      0 |    155 |      3 |   1 |  307.0 |
               +--------+--------+--------+--------+--------+-----+--------+

Top non-repeatable levels by time:
       D: 307 daAuts
